 Dungeon Crawl Stone Soup version 0.23.2-1-ga50397a (webtiles) character file.

Game seed: 7957477565827559414

49651 Kairos the Severer (level 14, 0/141 HPs)
             Began as a Deep Dwarf Fighter on Apr 24, 2019.
             Was an Elder of Makhleb.
             Slain by a shock serpent (9 damage)
             ... on level 1 of the Snake Pit.
             The game lasted 00:54:54 (15767 turns).

Kairos the Severer (Deep Dwarf Fighter)            Turns: 15767, Time: 00:54:55

Health: 0/141      AC: 13    Str: 25    XL:     14   Next: 16%
Magic:  16/16      EV: 13    Int: 13    God:    Makhleb [****..]
Gold:   1503       SH: 23    Dex: 12    Spells: 7/13 levels left

rFire    + . .     SeeInvis .   d - +7 war axe (elec)
rCold    + + .     Gourm    .   y - +0 large shield
rNeg     + + .     Faith    .   S - +4 ring mail of the Volcano {rPois rF+ MR+ Int+4}
rPois    +         Spirit   .   C - +0 hat
rElec    .         Reflect  +   (no cloak)
rCorr    .         Harm     .   G - +0 pair of gloves
MR       +++..                  J - +0 pair of boots
Stlth    ++........             U - +3 amulet of reflection
HPRegen  0.00/turn              l - ring of positive energy
MPRegen  0.15/turn              L - ring of protection from cold

@: non-regenerating
A: damage resistance, heal wounds, antennae 1, cold resistance 1, mutation
resistance 1, negative energy resistance 1, sense surroundings 2, robust 1, no
regeneration
a: Heal Wounds, Minor Destruction, Lesser Servant of Makhleb, Major Destruction,
Renounce Religion


You were on level 1 of the Snake Pit.
You worshipped Makhleb.
Makhleb was greatly pleased with you.
You were not hungry.

You visited 3 branches of the dungeon, and saw 17 of its levels.
You also visited: Bailey.

You collected 1743 gold pieces.
You spent 240 gold pieces at shops.

Inventory:

Hand Weapons
 d - a +7 war axe of electrocution (weapon)
 X - a +2 trident of piercing
Missiles
 p - 2 throwing nets
 r - 3 exploding tomahawks
 M - 9 tomahawks of returning (quivered)
Armour
 b - a +1 chain mail of fire resistance
 y - a +0 large shield (worn)
 C - a +0 hat (worn)
 G - a +0 pair of gloves (worn)
 J - a +0 pair of boots (worn)
 R - a +2 scale mail of cold resistance
 S - the +4 ring mail of the Volcano (worn) {rPois rF+ MR+ Int+4}
   (You found it on level 7 of the Dungeon)

   It affects your intelligence (+4).
   It protects you from fire.
   It protects you from poison.
   It affects your resistance to hostile enchantments.
Jewellery
 l - a ring of positive energy (left hand)
 t - an uncursed ring of positive energy
 L - a ring of protection from cold (right hand)
 U - a +3 amulet of reflection (around neck)
 Z - an uncursed ring of fire
Wands
 a - a wand of clouds (6)
 q - a wand of acid (3)
 s - a wand of polymorph (16)
 w - a wand of iceblast (5)
 z - a wand of paralysis (19)
 A - a wand of disintegration (2)
 H - a wand of enslavement (9)
 I - a wand of scattershot (8)
 Y - a wand of flame (28)
Scrolls
 c - 2 scrolls of magic mapping
 e - 2 scrolls of blinking
 g - 4 scrolls of fog
 h - 4 scrolls of remove curse
 i - 3 scrolls of fear
 k - 7 scrolls of teleportation
 D - 5 scrolls of enchant armour
 K - 2 scrolls of enchant weapon
 W - a scroll of summoning
Potions
 j - 2 potions of lignification
 m - 7 potions of curing
 o - 4 potions of mutation
 u - 5 potions of brilliance
 v - a potion of resistance
 x - 2 potions of flight
 B - 2 potions of magic
 E - 2 potions of invisibility {unknown}
 O - a potion of cancellation {unknown}
 P - a potion of might
 T - 3 potions of agility {unknown}
 V - 2 potions of haste {unknown}
Miscellaneous
 N - a sack of spiders
 Q - a lamp of fire
Comestibles
 f - 33 rations


   Skills:
 + Level 9.3 Fighting
 + Level 15.9 Axes
 + Level 1.2 Throwing
 + Level 9.0 Armour
 + Level 7.8 Dodging
 + Level 4.2 Stealth
 + Level 13.7 Shields
 + Level 4.9 Invocations
 + Level 4.3 Evocations


You had 7 spell levels left.
You knew the following spells:

 Your Spells              Type           Power        Failure   Level  Hunger
a - Apportation           Tloc           #.....       88%         1    ##.....
b - Borgnjor's Vile Clut  Necr/Erth      #.........   100%        5    ######.

Your spell library contained the following spells:

 Spells                   Type           Power        Failure   Level  Hunger
 Animate Skeleton         Necr           N/A          88%         1    ##.....
 Confusing Touch          Hex            #.....       88%         1    ##.....
 Corona                   Hex            #......      88%         1    ##.....
 Sting                    Conj/Pois      #...         88%         1    ##.....
 Summon Butterflies       Summ           #.......     88%         1    ##.....
 Summon Small Mammal      Summ           #...         88%         1    ##.....
 Ensorcelled Hibernation  Hex/Ice        #.....       96%         2    ###....
 Confuse                  Hex            #.......     99%         3    ####...
 Dazzling Spray           Conj/Hex       #.....       99%         3    ####...
 Gell's Gravitas          Tloc           #.........   99%         3    ####...
 Ignite Poison            Fire/Tmut/Pois #.......     99%         3    ####...
 Lesser Beckoning         Tloc           #.........   99%         3    ####...
 Mephitic Cloud           Conj/Pois/Air  #.......     99%         3    ####...
 Recall                   Summ/Tloc      N/A          99%         3    ####...
 Spider Form              Tmut/Pois      #.........   99%         3    ####...
 Tukima's Dance           Hex            #.......     99%         3    ####...
 Animate Dead             Necr           N/A          100%        4    #####..
 Petrify                  Tmut/Erth      #.......     100%        4    #####..
 Summon Lightning Spire   Summ/Air       #.......     100%        4    #####..
 Alistair's Intoxication  Tmut/Pois      #.......     100%        5    ######.
 Irradiate                Conj/Tmut      #.........   100%        5    ######.
 Metabolic Englaciation   Hex/Ice        #.........   100%        5    ######.
 Summon Mana Viper        Hex/Summ       #.......     100%        5    ######.
 Yara's Violent Unravell  Hex/Tmut       #.........   100%        5    ######.
 Death Channel            Necr           #.........   100%        6    #######
 Hydra Form               Tmut           #.........   100%        6    #######
 Shadow Creatures         Summ           N/A          100%        6    #######
 Simulacrum               Ice/Necr       #.........   100%        6    #######
 Statue Form              Tmut/Erth      #........    100%        6    #######
 Dragon Form              Tmut           #.........   100%        7    #######


Dungeon Overview and Level Annotations

Branches:
Dungeon (10/15)            Temple (0/1) D:6            Lair (6/6) D:10
  Swamp (0/4) Lair:3        Snake (1/4) Lair:3        Slime (0/5) Lair:5
    Orc: D:9-12

Altars:
Ashenzari
Fedhas
Gozag
Kikubaaqudgha
Makhleb
Okawaru
Qazlal
Ru
Sif Muna
Trog
Xom
Yredelemnul
The Shining One
Jiyva

Shops:
D:10 ?

Annotations:
Snake:1 exclusions: Roxanne and 1 more exclusion, Roxanne, Rupert


Innate Abilities, Weirdness & Mutations

You are resistant to damage.
You can heal yourself by infusing magical energy.
You resist negative energy. (rN+)
You passively map the area around you.
You do not regenerate.
You have a pair of small antennae on your head.
Your flesh is cold resistant. (rC+)
You are somewhat resistant to further mutation.
You are robust. (+10% HP)


Message History

Aiming: Iceblast
Press: ? - help, Shift-Dir - straight line, p - shock serpent The mass of ice explodes!
The iceblast engulfs the shock serpent!!
The shock serpent is heavily wounded.
The shock serpent's electric aura discharges, shocking you!
The shock serpent shoots out a bolt of lightning at you!
The bolt of electricity hits you!!
* * * LOW HITPOINT WARNING * * *
Evoke which item? (* to show all) (? for menu, Esc to quit)
Aiming: Iceblast
Press: ? - help, Shift-Dir - straight line The mass of ice explodes!
The iceblast engulfs the shock serpent!
The shock serpent is severely wounded.
The shock serpent's electric aura discharges, shocking you!
* * * LOW HITPOINT WARNING * * *
The shock serpent bites you.
* * * LOW HITPOINT WARNING * * *
The shock serpent shocks you!
You die...

##........(.......# ##..#######.
.........#.######.##
#........##[ ##......)#.#
#..###........##. ...#####)#.#
##.##.........### #### #.#.#
#.#...........## # #...#*
#...#.........## ##########.. *
#..##.........##
#...........#####..########.#.##
##.#######.....S@>...# *.#.##
#..# #.#.........# ** # ** #.##
##....###.....°.. ,* #.#
#.#.##*#........ # ..# #.#.
...)...h. #S* .## . ##
*##....... *#.# .# * * # *
....... *#.. .# , * ....... * #.
.#* * , ,, , ......., ##


You could see a shock serpent.

Vanquished Creatures
  Donald (Snake:1)
  Azrael (Snake:1)
  A fire dragon (Lair:6)
  An ice dragon (Lair:6)
  A hydra (Lair:3)
  A naga warrior (Snake:1)
  An anaconda (Snake:1)
  A two-headed ogre (D:9)
  6 death yaks (Lair:6)
  The ghost of Pad the Carver, a novice DsGl of Dithmenos (D:7)
  A shock serpent (Snake:1)
  A swamp dragon (Lair:6)
  Pikel (D:6)
  A lindwurm (Lair:6)
  2 mana vipers (Snake:1)
  2 cyclopes (D:7)
  A moth of wrath (D:7)
  10 elephants (Lair:6)
  3 salamanders (Snake:1)
  7 black mambas
  2 gargoyles
  4 torpor snails (Lair:6)
  14 spiny frogs
  8 komodo dragons
  4 rime drakes
  3 tyrant leeches (Lair:6)
  4 hornets (Lair:6)
  A troll (D:7)
  11 blink frogs
  6 hippogriffs
  A meliai zombie (D:10)
  2 bog bodies (Lair:3)
  A shadow (D:7)
  2 wyverns
  13 yaks
  2 fire elementals (Snake:1)
  3 basilisks
  2 steam dragons (Lair:6)
  A hungry ghost (D:7)
  An acid dragon (Lair:6)
  3 porcupines
  2 hell hounds (Snake:1)
  9 orc warriors
  13 water moccasins
  A swamp drake (Lair:6)
  4 ice beasts
  3 phantoms
  6 ogres
  A necrophage (D:8)
  4 centaurs
  15 crocodiles
  5 big kobolds
  10 bullfrogs
  A gnoll sergeant (D:7)
  2 wyvern zombies
  A water moccasin skeleton (D:9)
  A wyvern skeleton (D:7)
  A scorpion (D:8)
  3 wights (D:8)
  10 killer bees
  3 electric eels (Lair:5)
  5 crimson imps
  A centaur zombie (D:8)
  A bullfrog zombie (D:7)
  8 hounds
  A jelly (D:9)
  2 orc priests
  7 orc wizards
  2 bullfrog skeletons
  4 centaur skeletons
  Ijyb (D:5)
  5 iguanas
  11 worker ants
  A hound skeleton (D:5)
  A howler monkey zombie (D:7)
  9 gnolls
  10 adders
  A shadow imp (D:7)
  2 adder skeletons
  6 worms
  2 dart slugs
  5 leopard geckos
  27 orcs
  7 bats
  11 giant cockroaches
  16 goblins
  7 hobgoblins
  4 jackals
  13 kobolds
  10 quokkas
  2 ball pythons
  5 frilled lizards
  A leopard gecko zombie (D:7)
  2 quokka skeletons (D:4)
  5 rats
  2 fungi (Lair:6)
  9 plants
433 creatures vanquished.

Vanquished Creatures (collateral kills)
  2 hydras (Lair:5)
  A deep elf mage (D:7)
  An elephant (Lair:6)
  2 torpor snails (Lair:6)
  2 komodo dragons (Lair:6)
  A tyrant leech (Lair:6)
  2 hornets (Lair:6)
  2 blink frogs
  2 basilisks (Lair:6)
  A yak (Lair:6)
  2 nagas (Lair:3)
  A water moccasin (Lair:3)
  A porcupine (Lair:3)
  A crocodile (Lair:3)
  A gnoll (Bailey)
  2 orcs (Bailey)
  3 hobgoblins (Bailey)
  2 goblins (Bailey)
  7 kobolds (Bailey)
  A plant (Lair:6)
37 creatures vanquished.

Vanquished Creatures (others)
  A hippogriff (D:10)
  A slave (D:6)
  A gnoll (D:6)
  7 kobolds
  10 fungi
  19 plants
39 creatures vanquished.

Grand Total: 509 creatures vanquished

Notes
Turn   | Place    | Note
-------+----------+-------------------------------------------
     0 | D:1      | Kairos the Deep Dwarf Fighter began the quest for the Orb.
     0 | D:1      | Reached XP level 1. HP: 20/20 MP: 1/1
   123 | D:1      | Reached XP level 2. HP: 27/27 MP: 2/2
   812 | D:2      | Reached XP level 3. HP: 32/34 MP: 3/3
   903 | D:2      | Reached skill level 1 in Dodging
  1052 | D:2      | HP: 1/34 [hound (2)]
  1058 | D:2      | Reached skill level 3 in Axes
  1058 | D:2      | Reached XP level 4. HP: 33/42 MP: 4/4
  1090 | D:2      | Found a burning altar of Makhleb.
  1113 | D:2      | Became a worshipper of Makhleb the Destroyer
  1640 | D:3      | Found a glowing golden altar of the Shining One.
  1665 | D:3      | Reached XP level 5. HP: 23/49 MP: 5/5
  1675 | D:3      | Found a basalt altar of Yredelemnul.
  2117 | D:3      | Reached * piety under Makhleb
  2219 | D:3      | Reached skill level 4 in Axes
  2442 | D:4      | Found an iron altar of Okawaru.
  2442 | D:4      | Found a bloodstained altar of Trog.
  2482 | D:4      | Noticed an ogre
  2488 | D:4      | Killed an ogre
  2488 | D:4      | Reached skill level 5 in Axes
  2488 | D:4      | Reached XP level 6. HP: 7/56 MP: 6/6
  2511 | D:4      | Reached ** piety under Makhleb
  2549 | D:4      | Reached skill level 6 in Axes
  2630 | D:4      | Reached XP level 7. HP: 25/63 MP: 6/6
  3116 | D:4      | Found a sacrificial altar of Ru.
  3211 | D:4      | Found an opulent altar of Gozag.
  3256 | D:4      | Reached skill level 1 in Evocations
  3416 | D:5      | Entered Level 5 of the Dungeon
  3449 | D:5      | Found a shimmering altar of Xom.
  3516 | D:5      | Noticed Ijyb
  3525 | D:5      | Killed Ijyb
  3634 | D:5      | Reached skill level 7 in Axes
  3695 | D:5      | Found a shimmering altar of Xom.
  3695 | D:5      | Found a shimmering altar of Xom.
  3696 | D:5      | Found a shimmering altar of Xom.
  3725 | D:5      | Found a shimmering altar of Xom.
  3725 | D:5      | Found a shimmering altar of Xom.
  3737 | D:5      | Reached XP level 8. HP: 66/72 MP: 7/7
  3738 | D:5      | Found a shimmering altar of Xom.
  3941 | D:5      | Reached skill level 8 in Axes
  3958 | D:5      | Found an ancient bone altar of Kikubaaqudgha.
  3959 | D:5      | Found a blossoming altar of Fedhas.
  4363 | D:6      | Noticed Pikel
  4435 | D:6      | Reached skill level 5 in Armour
  4435 | D:6      | Reached skill level 5 in Shields
  4497 | D:6      | Found a burning altar of Makhleb.
  4647 | D:6      | Killed Pikel
  4647 | D:6      | Reached skill level 9 in Axes
  4811 | D:6      | Reached *** piety under Makhleb
  4811 | D:6      | Gained mutation: You passively map the area around you.
                  | [Deep Dwarf growth]
  4811 | D:6      | Reached XP level 9. HP: 79/79 MP: 9/9
  4856 | D:6      | Found a staircase to the Ecumenical Temple.
  5374 | D:7      | Noticed Pad's ghost (novice DsGl)
  5376 | D:7      | Found a bloodstained altar of Trog.
  5384 | D:7      | Noticed a moth of wrath
  5384 | D:7      | Noticed a troll
  5389 | D:7      | Found a transporter.
  5391 | D:7      | Found a transporter.
  5410 | D:7      | Found a flagged portal.
  5449 | Bailey   | Entered a bailey
  5513 | Bailey   | Reached skill level 5 in Fighting
  5513 | Bailey   | Reached skill level 10 in Axes
  5513 | Bailey   | Reached skill level 1 in Stealth
  5994 | D:7      | Found a deep blue altar of Sif Muna.
  6067 | D:7      | Reached **** piety under Makhleb
  6081 | D:7      | Noticed a cyclops
  6081 | D:7      | Noticed a cyclops
  6082 | D:7      | Noticed a deep elf mage
  6087 | D:7      | Killed a deep elf mage
  6094 | D:7      | Killed a cyclops
  6094 | D:7      | Reached XP level 10. HP: 69/88 MP: 11/11
  6107 | D:7      | Killed a cyclops
  6107 | D:7      | Reached skill level 11 in Axes
  6114 | D:7      | Got a crude bronze amulet
  6121 | D:7      | Identified Lere's Disquisition on Dislocation and Creation
  6124 | D:7      | Got a crude ring mail
  6141 | D:7      | Identified the +4 ring mail of the Volcano {rPois rF+ MR+
                  | Int+4} (You found it on level 7 of the Dungeon)
  6356 | D:7      | Found a shattered altar of Ashenzari.
  6523 | D:7      | Found a stormy altar of Qazlal.
  7355 | D:8      | Identified the amulet of the Nightingale {RegenMP -Tele
                  | Int+2 Stlth+} (You found it on level 7 of the Dungeon)
  7616 | D:7      | Killed Pad's ghost
  7627 | D:7      | Killed a moth of wrath
  7627 | D:7      | Reached skill level 12 in Axes
  7919 | D:9      | Reached XP level 11. HP: 99/99 MP: 12/12
  8344 | D:9      | Noticed a two-headed ogre
  8352 | D:9      | Killed a two-headed ogre
  8368 | D:10     | Entered Level 10 of the Dungeon
  8383 | D:10     | Reached ***** piety under Makhleb
  8417 | D:10     | Found Juqot's Magic Scroll Emporium.
  8425 | D:10     | Bought a scroll of blinking for 120 gold pieces
  8425 | D:10     | Bought a scroll of enchant armour for 120 gold pieces
  8477 | D:10     | Reached skill level 10 in Shields
  8681 | D:10     | Learned a level 1 spell: Apportation
  8745 | D:10     | Found a staircase to the Lair.
  9162 | D:10     | Reached skill level 13 in Axes
  9353 | D:10     | Gained mutation: Scrolls take you a little longer to read.
                  | [potion of mutation]
  9353 | D:10     | Gained mutation: Your flesh is heat resistant. (rF+)
                  | [potion of mutation]
  9353 | D:10     | Gained mutation: You possess an exceptional clarity of
                  | mind. [potion of mutation]
  9353 | D:10     | Gained mutation: Your flesh is cold resistant. (rC+)
                  | [potion of mutation]
  9377 | Lair:1   | Entered Level 1 of the Lair of Beasts
 10197 | Lair:2   | Reached skill level 5 in Dodging
 10833 | Lair:3   | Reached XP level 12. HP: 83/109 MP: 13/13
 10891 | Lair:3   | Lost mutation: Your flesh is heat resistant. (rF+) [potion
                  | of mutation]
 10891 | Lair:3   | Lost mutation: Scrolls take you a little longer to read.
                  | [potion of mutation]
 10891 | Lair:3   | Lost mutation: You possess an exceptional clarity of mind.
                  | [potion of mutation]
 10891 | Lair:3   | Lost mutation: Your flesh is cold resistant. (rC+) [potion
                  | of mutation]
 10891 | Lair:3   | Gained mutation: Your magical capacity is low. (-10% MP)
                  | [potion of mutation]
 10891 | Lair:3   | Gained mutation: Your body sometimes deteriorates upon
                  | taking damage. [potion of mutation]
 10891 | Lair:3   | Gained mutation: Your flesh is cold resistant. (rC+)
                  | [potion of mutation]
 10891 | Lair:3   | Gained mutation: You are robust. (+10% HP) [potion of
                  | mutation]
 10892 | Lair:3   | Lost mutation: Your magical capacity is low. (-10% MP)
                  | [potion of mutation]
 10892 | Lair:3   | Lost mutation: Your body sometimes deteriorates upon taking
                  | damage. [potion of mutation]
 10892 | Lair:3   | Gained mutation: You have a pair of small antennae on your
                  | head. [potion of mutation]
 10892 | Lair:3   | Gained mutation: You are somewhat resistant to further
                  | mutation. [potion of mutation]
 10902 | Lair:3   | Learned a level 5 spell: Borgnjor's Vile Clutch
 10949 | Lair:3   | Found a staircase to the Swamp.
 10975 | Lair:3   | Noticed a six-headed hydra
 10994 | Lair:3   | Killed a six-headed hydra
 11063 | Lair:3   | Found a staircase to the Snake Pit.
 11265 | Lair:3   | Reached skill level 1 in Invocations
 11468 | Lair:3   | Reached skill level 14 in Axes
 11941 | Lair:4   | Identified the +11 long sword of Anxiety {holy, +Blink +Inv
                  | Str-2 Stlth+} (You found it on level 4 of the Lair of
                  | Beasts)
 12406 | Lair:5   | Noticed a four-headed hydra
 12447 | Lair:5   | Killed a five-headed hydra
 12449 | Lair:5   | Reached skill level 1 in Throwing
 12471 | Lair:5   | Noticed a six-headed hydra
 12484 | Lair:5   | Killed a six-headed hydra
 12654 | Lair:5   | Identified Bepn's Disquisition on Envenoming and the Birds
 12797 | Lair:5   | Found a staircase to the Slime Pits.
 12797 | Lair:5   | Found a viscous altar of Jiyva.
 13173 | Lair:6   | Entered Level 6 of the Lair of Beasts
 13270 | Lair:6   | Noticed a death yak
 13291 | Lair:6   | Reached XP level 13. HP: 128/128 MP: 14/14
 13767 | Lair:6   | Found a runed translucent door.
 13807 | Lair:6   | Reached skill level 15 in Axes
 14606 | Lair:6   | Noticed a fire dragon
 14619 | Lair:6   | Killed a fire dragon
 15246 | Snake:1  | Entered Level 1 of the Snake Pit
 15336 | Snake:1  | Gained mutation: You resist negative energy. (rN+) [Deep
                  | Dwarf growth]
 15336 | Snake:1  | Reached XP level 14. HP: 69/141 MP: 16/16
 15390 | Snake:1  | Noticed Rupert
 15422 | Snake:1  | Noticed Donald
 15433 | Snake:1  | Killed Donald
 15587 | Snake:1  | Noticed Roxanne
 15691 | Snake:1  | Noticed Azrael
 15732 | Snake:1  | Killed Azrael
 15767 | Snake:1  | Slain by a shock serpent

Skill      XL: |  1  2  3  4  5  6  7  8  9 10 11 12 13 14 |
---------------+-------------------------------------------+-----
Fighting       | 3 4 5 6 7 8 9 |  9.3
Dodging        | 1 2 3 5 6 7 |  7.8
Axes           | 3 5 6 7 9 10 12 13 14 15 | 15.9
Shields        | 4 5 8 9 10 12 13 | 13.7
Armour         | 4 5 6 7 8 9 |  9.0
Evocations     | 1 2 3 4 |  4.3
Stealth        | 1 2 3 4 |  4.2
Invocations    | 3 4 |  4.9
Throwing       | 1 |  1.2

Action                   |  1- 3 |  4- 6 |  7- 9 | 10-12 | 13-15 || total
-------------------------+-------+-------+-------+-------+-------++-------
Melee: War axe           |   101 |   177 |   285 |   510 |   327 ||  1400
Throw: Throwing net      |       |       |     5 |     1 |       ||     6
       Tomahawk          |       |       |       |     1 |       ||     1
Invok: Lesser Servant of |       |       |     1 |    14 |    13 ||    28
 Abil: Heal Wounds       |     1 |     4 |       |       |       ||     5
Evoke: Wand              |       |     3 |    20 |    11 |    10 ||    44
       Sack of spiders   |       |       |     1 |       |       ||     1
  Use: Scroll            |       |     8 |     5 |    12 |     5 ||    30
       Potion            |       |       |     4 |     4 |     2 ||    10
 Stab: Paralysed         |       |       |     1 |       |       ||     1
       Held in net/web   |       |       |     1 |       |       ||     1
       Distracted        |       |       |       |     2 |     3 ||     5
       Sleeping          |       |       |       |       |     2 ||     2
  Eat: Chunk             |       |     6 |    12 |    19 |     5 ||    42
       Ration            |       |       |       |     1 |     1 ||     2
Armor: Scale mail        |    41 |    60 |       |       |       ||   101
       Chain mail        |       |    17 |    98 |     1 |       ||   116
       Skin              |       |       |     9 |    11 |     1 ||    21
       Ring mail         |       |       |       |    81 |    38 ||   119
Dodge: Dodged            |    34 |    70 |    58 |    82 |    57 ||   301
Block: Shield            |    62 |   117 |    16 |       |       ||   195
       Large shield      |       |       |   261 |   496 |   273 ||  1030
       Reflection        |       |       |    51 |    19 |     4 ||    74
